 Dungeon Crawl Stone Soup version 0.27.1-4-g1640c2035a (webtiles) character file.

Game seed: 5966238002015273447

417 BinkBink the Caller (level 7, -4/36 HPs)
             Began as a Kobold Summoner on Nov 1, 2021.
             Slain by a killer bee (5 damage)
             ... on level 5 of the Dungeon.
             The game lasted 00:26:33 (6108 turns).

BinkBink the Caller (Kobold Summoner)               Turns: 6108, Time: 00:26:34

Health: -4/36      AC:  3    Str:  5    XL:     7   Next: 15%
Magic:  13/13      EV: 15    Int: 19    God:
Gold:   127        SH:  0    Dex: 15    Spells: 8/14 levels left

rFire    + . .     SeeInvis .   b - +1 short sword (vamp)
rCold    + . .     Faith    .   (shield restricted)
rNeg     . . .     Spirit   .   a - +0 robe
rPois    +         Reflect  .   (no helmet)
rElec    +         Harm     .   q - +0 cloak
rCorr    +         Rampage  .   (no gloves)
Will     .....                  (no boots)
Stlth    ++++......             (no amulet)
HPRegen  0.12/turn              h - ring of wizardry
MPRegen  0.13/turn              (no ring)

@: lethally poisoned (-4 -> -9), about to teleport, resistant, attractive
A: small, no large weapons, nightstalker 3
a: no special abilities


You were on level 5 of the Dungeon.
You visited 1 branch of the dungeon, and saw 5 of its levels.

You collected 127 gold pieces.

Inventory:

Hand Weapons
 b - a +1 vampiric short sword (weapon)
Missiles
 l - 54 sling bullets
Armour
 a - a +0 robe (worn)
 q - a +0 cloak (worn)
Jewellery
 h - a ring of wizardry (left hand)
Scrolls
 c - a scroll of holy word {unknown}
 e - a scroll of torment
 f - a scroll of enchant armour
 g - a scroll of enchant weapon {unknown}
 i - a scroll of teleportation
 j - 3 scrolls of amnesia
 k - a scroll of magic mapping {unknown}
 m - 5 scrolls of identify
 o - a scroll of summoning {unknown}


   Skills:
 * Level 3.6 Short Blades
 * Level 3.8 Dodging
 * Level 4.5 Stealth
 + Level 4.0 Spellcasting
 + Level 5.4 Summonings


You had 8 spell levels left.
You knew the following spells:

 Your Spells              Type           Power      Damage    Failure   Level
a - Summon Small Mammal   Summ           96%        N/A       1%          1
b - Call Imp              Summ           24%        N/A       1%          2
c - Call Canine Familiar  Summ           24%        N/A       1%          3

Your spell library contained the following spells:

 Spells                   Type           Power      Damage    Failure   Level
 Summon Guardian Golem    Hex/Summ       14%        N/A       6%          3
 Conjure Flame            Conj/Fire      3%         6-21      16%         3
 Dazzling Flash           Conj/Hex       6%         N/A       16%         3
 Ignite Poison            Fire/Tmut/Pois 3%         N/A       16%         3
 Summon Lightning Spire   Summ/Air       14%        N/A       17%         4
 Iskenderun's Mystic Bla  Conj/Tloc      3%         2d3       45%         4
 Sticky Flame             Conj/Fire      3%         2d3       45%         4
 Starburst                Conj/Fire      1%         6d3       100%        6


Dungeon Overview and Level Annotations

Branches:
Dungeon (5/15)
 Temple: D:4-7

Altars:
Cheibriados

Shops:
D:3 (   D:4 =


Innate Abilities, Weirdness & Mutations

You are small and have problems with some larger weapons.
You are completely attuned to the shadows.


Message History

You bump into the rock wall.
The jackal barks!
You hear a bark!
You hear an angry buzzing noise.
The killer bee stings you.
The jackal barks!
The jackal bites you. The jackal closely misses you.
The killer bee closely misses you.
You bump into the rock wall.
You feel less invigorated.
You feel less confused. The killer bee barely misses you.
A jackal comes into view.
The jackal misses you. The killer bee stings you.
You are poisoned.
The killer bee poisons you! The jackal bites you.
The jackal closely misses you. The jackal is pulled toward you!
You feel protected.
You feel very sick. The killer bee barely misses you.
The jackal barely misses you. The jackal closely misses you.
A jackal comes into view.
The killer bee stings you. The killer bee is pulled toward you!
The jackal is pulled toward you!
As you read the scroll labelled WOSOSI HOCLOC, it crumbles to dust.
It is a scroll of amnesia.
Really abort (and waste the scroll)?
Okay, then.
You feel sick. The killer bee misses you. The jackal barely misses you.
The jackal bites you.
* * * LOW HITPOINT WARNING * * *
The killer bee stings you.
* * * LOW HITPOINT WARNING * * *
As you read the scroll labelled TAOXEANK LUDI, it crumbles to dust.
You feel strangely unstable.
It was a scroll of teleportation.
* * * LOW HITPOINT WARNING * * *
You feel sick. The killer bee misses you. The jackal closely misses you.
The jackal misses you. The jackal bites you.
* * * LOW HITPOINT WARNING * * *
The jackal bites you.
* * * LOW HITPOINT WARNING * * *
The killer bee stings you.
You die...

..........#..#
.....#.....>.#
..............
..............
.....##...#..#..#.#..#
..................#..#
.....y................
....hhh...........#..# #
#hy@................
.#.#..##......##§.....#
................§.y§...
....................###
....................# #
#....<.##...............
.
#................#....##
#.#.###..##..#.....#
.##.#.###..##..#.....#


You could see 2 killer bees and 4 jackals.

Vanquished Creatures
  An adder (D:4)
  A rat (D:3)
2 creatures vanquished.

Vanquished Creatures (collateral kills)
  A black bear (D:5)
  A necrophage (D:5)
  2 ogres
  A phantom (D:4)
  A wyvern skeleton (D:5)
  2 killer bees (D:5)
  A centaur zombie (D:3)
  A hound (D:4)
  2 iguanas (D:4)
  A hound skeleton (D:4)
  3 adders
  An adder skeleton (D:4)
  2 worms
  A dart slug (D:4)
  6 orcs
  6 ball pythons
  4 endoplasms
  2 giant cockroaches (D:2)
  7 goblins
  A hobgoblin (D:1)
  3 quokkas
  4 bats
  3 frilled lizards
  5 kobolds
  4 rats
65 creatures vanquished.

Grand Total: 67 creatures vanquished

Notes
Turn   | Place    | Note
-------+----------+-------------------------------------------
     0 | D:1      | BinkBink the Kobold Summoner began the quest for the Orb.
     0 | D:1      | Reached XP level 1. HP: 10/10 MP: 3/3
   735 | D:1      | Reached XP level 2. HP: 15/15 MP: 0/5
  1977 | D:2      | Found a faded altar of an unknown god.
  2076 | D:2      | Reached skill level 1 in Short Blades
  2076 | D:2      | Reached XP level 3. HP: 19/19 MP: 0/6
  2079 | D:2      | Learned a level 2 spell: Call Imp
  3025 | D:3      | Found Inengyly's Weapon Emporium.
  3144 | D:3      | Reached XP level 4. HP: 24/24 MP: 0/7
  3513 | D:3      | Found a snail-covered altar of Cheibriados.
  3823 | D:3      | Learned a level 3 spell: Call Canine Familiar
  3834 | D:4      | Noticed a phantom
  3858 | D:4      | Killed a phantom
  3961 | D:4      | Reached XP level 5. HP: 28/28 MP: 1/9
  4537 | D:4      | Found Pexemad's Jewellery Emporium.
  5125 | D:4      | Noticed a phantom
  5125 | D:4      | Noticed an ogre
  5145 | D:4      | Killed an ogre
  5146 | D:4      | Reached skill level 5 in Summonings
  5146 | D:4      | Reached XP level 6. HP: 32/32 MP: 3/11
  5542 | D:5      | Entered Level 5 of the Dungeon
  5682 | D:5      | Noticed a black bear
  5716 | D:5      | Noticed a necrophage
  5743 | D:5      | Killed a necrophage
  5883 | D:5      | Noticed an ogre
  5925 | D:5      | Killed an ogre
  5968 | D:5      | Killed a black bear
  5969 | D:5      | Reached XP level 7. HP: 36/36 MP: 3/12
  6108 | D:5      | HP: 1/36 [jackal (1)]
  6108 | D:5      | Slain by a killer bee

Illustrated notes

Levels and vault maps discovered:
D:1:      dpeg_arrival_round_c, layout_loops_ring
D:2:      layout_basic, shapermc_ecumenical_altar_pompeii
D:3:      layout_basic, cheibriados_altar_1, serial_shops, nicolae_square_shop
D:4:      minmay_diamond_boxcup, layout_cave_pools, serial_shops,
          nicolae_diamond_shop
D:5:      layout_basic

Skill      XL: |  1  2  3  4  5  6  7 |
---------------+----------------------+-----
Stealth        | 3 4 |  4.5
Short Blades   | 1 2 3 |  3.6
Spellcasting   | 3 4 |  4.0
Dodging        | 3 |  3.8
Summonings     | 5 |  5.4

Action                   |  1- 3 |  4- 6 |  7- 9 || total
-------------------------+-------+-------+-------++-------
Melee: Short sword       |       |     6 |     1 ||     7
 Cast: Summon Small Mamm |    86 |    35 |     6 ||   127
       Call Imp          |    18 |    51 |     1 ||    70
       Call Canine Famil |       |    13 |     2 ||    15
  Use: Potion            |     2 |       |     3 ||     5
       Scroll            |     2 |     1 |     2 ||     5
 Stab: Distracted        |       |     1 |       ||     1
       Sleeping          |       |     1 |       ||     1
Armor: Robe              |    17 |     1 |     1 ||    19
Dodge: Dodged            |    42 |    13 |    23 ||    78
